 Dungeon Crawl Stone Soup version 0.26-a0-649-gf8c6c3aab7 (webtiles) character file.

Game seed: 7737831756282125374

182 DogServant the Ruffian (level 5, -1/40 HPs)
             Began as a Draconian Transmuter on Sept 27, 2020.
             Splashed by a jelly's acid (9 damage)
             ... on level 3 of the Dungeon.
             The game lasted 00:03:34 (2634 turns).

DogServant the Ruffian (Draconian Transmuter)       Turns: 2634, Time: 00:03:35

Health: -1/40      AC: -3    Str: 13    XL:     5   Next: 34%
Magic:  8/8        EV: 13    Int: 13    God:
Gold:   143        SH:  0    Dex: 12    Spells: 7/8 levels left

rFire    . . .     SeeInvis .   i - +1 dagger (elec)
rCold    . . .     Faith    .   (no shield)
rNeg     . . .     Spirit   .   (armour unavailable)
rPois    .         Reflect  .   (helmet restricted)
rElec    .         Harm     .   (no cloak)
rCorr    .         Rampage  .   (no gloves)
MR       .....                  (no boots)
Stlth    +.........             h - amulet of regeneration
HPRegen  0.53/turn              (no ring)
MPRegen  0.11/turn              (no ring)

@: corroded
A: unfitting armour, cold-blooded, AC +5
a: no special abilities


You were on level 3 of the Dungeon.
You visited 1 branch of the dungeon, and saw 3 of its levels.

You collected 143 gold pieces.

Inventory:

Hand Weapons
 i - a +1 dagger of electrocution (weapon)
Armour
 o - a +0 buckler
Jewellery
 h - an amulet of regeneration (around neck)
Scrolls
 b - 5 scrolls of amnesia {unknown}
 c - 2 scrolls of enchant armour {unknown}
 d - 2 scrolls of enchant weapon {unknown}
 f - a scroll of remove curse {unknown}
 g - 8 scrolls of identify {unknown}
 m - 2 scrolls of teleportation {unknown}
 n - a scroll of noise {unknown}
 p - a scroll of immolation {unknown}
Potions
 a - a potion of might {unknown}
 e - 2 potions of haste {unknown}
 j - a potion of flight {unknown}
 k - 2 potions of lignification {unknown}
 l - 2 potions of curing {unknown}


   Skills:
 - Level 1.1 Fighting
 + Level 2.7 Dodging
 + Level 5.0 Unarmed Combat
 - Level 2.0 Spellcasting
 + Level 3.1 Transmutations


You had 7 spell levels left.
You knew the following spells:

 Your Spells              Type           Power        Failure   Level
a - Beastly Appendage     Tmut           #.....       7%          1

Your spell library contained the following spells:

 Spells                   Type           Power        Failure   Level
 Wereblood                Tmut           #.......     11%         2
 Spider Form              Tmut/Pois      #.........   38%         3
 Ice Form                 Ice/Tmut       #.......     80%         4
 Blade Hands              Tmut           #.........   89%         5


Dungeon Overview and Level Annotations

Branches:
Dungeon (3/15)

Altars:


Innate Abilities, Weirdness & Mutations

Your plain brown scales are hard. (AC +5)
You cannot fit into any form of body armour.
You are cold-blooded and may be slowed by cold attacks.


Message History

The jelly is heavily wounded.
Your horns disappear.
Your talons disappear.
The jelly barely misses you.
You hit the jelly but do no damage. Lightning courses through the jelly!
You kill the jelly!
Your Unarmed Combat skill increases to level 5!
Your Transmutations skill increases to level 3!
You hit the jelly but do no damage.
Your hands burn!
The jelly hits you. The acid corrodes you!
You are splashed with acid!
You hit the jelly but do no damage. Lightning courses through the jelly!
Your hands burn!
* * * LOW HITPOINT WARNING * * *
The jelly is severely wounded.
The jelly misses you.
You barely miss the jelly. You tail-slap the jelly.
The jelly is severely wounded.
The jelly hits you.
* * * LOW HITPOINT WARNING * * *
You are splashed with acid!
You die...

....# #.# #..## #.# ##.## #.#
#..# ########.# ##.##
##########......##.#
#..####...)..##'...P.P##.#
##..##.......#.#J..÷..##)#
#..'........#J#JJ..÷.##.#
#(.))...)...#@#÷J....##)#
#(.(†)....#'#.#...JP.##.#
#..##†....#.#.#.....÷##)#
####..###....#.#.#÷P....##)######
.).##.#########(##.....)##...##..
##.##..########## #.#.##.#
#............# ###########.#..†..
...######...>#.............###...
...'..<##...#..# ###....#.# #...


You could see a jelly.

Vanquished Creatures
  A jelly (D:3)
  An orc wizard (D:3)
  3 adders
  7 oozes (D:3)
  A dart slug (D:1)
  2 leopard geckos (D:2)
  7 orcs (D:3)
  2 ball pythons (D:1)
  2 giant cockroaches (D:1)
  5 goblins
  8 hobgoblins
  6 bats
  2 frilled lizards
  14 kobolds
  2 rats
63 creatures vanquished.

Vanquished Creatures (others)
  9 fungi (D:3)
  5 toadstools (D:3)
14 creatures vanquished.

Grand Total: 77 creatures vanquished

Notes
Turn   | Place    | Note
-------+----------+-------------------------------------------
     0 | D:1      | DogServant the Draconian Transmuter began the quest for the
                  | Orb.
     0 | D:1      | Reached XP level 1. HP: 16/16 MP: 3/3
     3 | D:1      | Noticed an electric eel
     3 | D:1      | Noticed an electric eel
   208 | D:1      | Reached XP level 2. HP: 23/23 MP: 3/5
   768 | D:1      | Reached skill level 4 in Unarmed Combat
  1367 | D:2      | Reached XP level 3. HP: 28/28 MP: 4/6
  2303 | D:3      | Reached XP level 4. HP: 28/35 MP: 7/7
  2612 | D:3      | Reached XP level 5. HP: 37/40 MP: 8/8
  2631 | D:3      | Reached skill level 5 in Unarmed Combat
  2634 | D:3      | Splashed by a jelly's acid

Illustrated notes

Levels and vault maps discovered:
D:1:      arrival_aquarium_b, layout_basic, kennysheep_nondescript,
          minmay_bisected
D:2:      layout_basic
D:3:      cheibrodos_fertilizer, layout_basic

Skill      XL: |  1  2  3  4  5 |
---------------+----------------+-----
Unarmed Combat | 4 5 |  5.0
Dodging        | 2 |  2.7
Transmutations | 3 |  3.1
Fighting       | |  1.1
Spellcasting   | |  2.0

Action                   |  1- 3 |  4- 6 || total
-------------------------+-------+-------++-------
Melee: Unarmed           |    82 |       ||    82
       Kick              |     8 |     5 ||    13
       Headbutt          |     5 |     6 ||    11
       Tailslap          |     7 |     9 ||    16
       Dagger            |    26 |    60 ||    86
 Cast: Beastly Appendage |    13 |     5 ||    18
 Stab: Sleeping          |     1 |       ||     1
Armor: Skin              |    35 |     8 ||    43
Dodge: Dodged            |    67 |    38 ||   105

Table legend: (Time is in decaauts)
 A = Elapsed time spent in this place.
 B = Non-inter-level travel time spent in this place.
 C = Inter-level travel time spent in this place.
 D = Time resting spent in this place.
 E = Time spent auto-exploring this place.
 F = Levels seen in this place.
 G = Mean time per level.
                   A        B        C        D        E       F      G
               +--------+--------+--------+--------+--------+-----+--------+
         Total |   2627 |   2494 |    133 |      0 |   2128 |   3 |  875.7 |
       Dungeon |   2627 |   2494 |    133 |      0 |   2128 |   3 |  875.7 |
               +--------+--------+--------+--------+--------+-----+--------+

Top non-repeatable levels by time:
     D:1: 1233 daAuts
     D:2: 768 daAuts
     D:3: 625 daAuts
